 Dungeon Sprint DCSS version 0.20.1-1-g8b1a95d (webtiles) character file.

12667 wojtek the Shatterer (level 11, -4/114 HPs)
             Began as a Minotaur Fighter on Dec 27, 2017.
             Was the Champion of Trog.
             Slain by a deep troll (16 damage)
             ... in the Dungeon (Sprint IX: "|||||||||||||||||||||||||||||").
             The game lasted 00:06:42 (2127 turns).

wojtek the Shatterer (Minotaur Fighter)             Turns: 2127, Time: 00:06:43

Health: -4/114     AC: 20    Str: 30    XL:     11   Next: 65%
Magic:  10/10      EV:  8    Int:  5    God:    Trog [******]
Gold:   1274       SH:  0    Dex: 10    Spells: 10/10 levels left

rFire    . . .     SeeInvis .   w - +4 great mace (crush)
rCold    . . .     Gourm    .   (shield currently unavailable)
rNeg     . . .     Faith    .   p - +0 plate armour
rPois    .         Spirit   .   (helmet restricted)
rElec    .         Reflect  .   B - +0 cloak
rCorr    .         Harm     .   y - +0 pair of gloves
MR       .....     NoTele   +   (no boots)
Stlth    ..........             (no amulet)
Regen    0.3/turn               o - +3 ring of strength
MPRegen  0.2/turn               q - +3 ring of strength

@: berserk cooldown, slowed, studying Long Blades, very slow
A: retaliatory headbutt, horns 2
a: Berserk, Trog's Hand, Brothers in Arms, Burn Spellbooks, Renounce Religion


You were in the Dungeon.
You worshipped Trog.
Trog was exalted by your worship.
You were hungry.

You visited 1 branch You collected 1274 gold pieces.

Inventory:

Hand Weapons
 a - a +4 mace of draining
 b - a +2 morningstar of protection
 v - a +0 flail
 w - a +4 great mace of crushing (weapon)
 C - a +4 eveningstar
 E - a +2 antimagic mace
Missiles
 D - 6 javelins (quivered)
Armour
 c - a +0 shield
 p - a +0 plate armour (worn)
 y - a +0 pair of gloves (worn)
 B - a +0 cloak (worn)
 G - a cursed -1 chain mail
Jewellery
 o - a +3 ring of strength (left hand)
 q - a +3 ring of strength (right hand)
 x - an uncursed ring of resist corrosion
Wands
 n - a wand of lightning (1/15)
Scrolls
 k - 2 scrolls of blinking
 m - 5 scrolls of remove curse
 t - a scroll of recharging
 u - 2 scrolls of fog
Potions
 d - 3 potions of might
 e - 6 potions of curing
 g - a potion of heal wounds
 h - 3 potions of haste
 i - 4 potions of magic
 j - 2 potions of berserk rage
 l - a potion of invisibility
 r - a potion of brilliance
Books
 s - a manual of Long Blades
Comestibles
 f - 13 bread rations
 z - 40 fruits
 A - 12 meat rations


   Skills:
 + Level 15.8 Fighting
 * Level 21.0 Maces & Flails
 + Level 15.8 Armour
 - Level 14.1 Shields


You had 10 spell levels left.
You didn't know any spells.

Dungeon Overview and Level Annotations

Branches:
Dungeon (1/1)

Altars:
Cheibriados
Dithmenos
Elyvilon
Fedhas
Gozag
Hepliaklqana
Kikubaaqudgha
Makhleb
Nemelex Xobeh
Okawaru
Qazlal
Ru
Sif Muna
Trog
Uskayaw
Vehumet
Xom
Yredelemnul
Zin
The Shining One
Beogh
Jiyva
Lugonu

Shops:
D %?[!


Innate Abilities, Weirdness & Mutations

You reflexively headbutt those who attack you in melee.
You have a pair of horns on your head.


Message History

Trog accepts your kill.
Trog appreciates your killing of a magic user.
Reactivating autopickup.
Your Maces & Flails skill increases to level 21!
You feel a bit more experienced.
You bludgeon the deep troll!!
You headbutt the deep troll, but do no damage.
The deep troll is severely wounded.
The deep troll bites you.
The deep troll claws you but does no damage. x2
You hit the deep troll but do no damage.
The deep troll is severely wounded.
The deep troll bites you!
* * * LOW HITPOINT WARNING * * *
The deep troll claws you!
* * * LOW HITPOINT WARNING * * *
The deep troll claws you!
* * * LOW HITPOINT WARNING * * *
The deep troll bites you!
You die...

.†()))......)..[[[)|?.'____._____
▓▓▓▓▓▓▓▓▓▓▓▓▓▓▓▓▓▓▓▓▓▓▓▓▓▓▓▓▓▓▓▓▓
.................................
▓▓▓▓▓▓▓▓▓▓▓▓▓▓▓▓▓▓▓▓▓▓▓▓▓▓▓▓▓▓▓▓▓
'..[..[..'...........÷÷......÷..÷
▓▓▓▓▓▓▓▓▓▓▓▓▓▓▓▓▓▓▓▓▓▓▓▓▓▓▓▓▓▓▓▓▓
.................................
▓▓▓▓▓▓▓▓▓▓▓▓▓▓▓▓▓▓▓▓▓▓▓▓▓▓▓▓▓▓▓▓▓
$$.∩TTTT@∩$$$[)).....)).)
▓▓▓▓▓▓▓▓▓▓▓▓▓▓▓▓▓▓▓▓▓▓▓▓▓


You could see 3 deep trolls and a troll.

Vanquished Creatures
  A hydra (D)
  An orc high priest (D)
  2 ogre magi (D)
  Urug (D)
  2 deep trolls (D)
  2 orc knights (D)
  An orc sorcerer (D)
  An oklob plant (D)
  A cyclops (D)
  A black mamba (D)
  An elephant (D)
  2 spiny frogs (D)
  A gargoyle (D)
  An efreet (D)
  6 trolls (D)
  A dream sheep (D)
  A basilisk (D)
  2 yaks (D)
  A warg (D)
  3 water moccasins (D)
  2 porcupines (D)
  An ice beast (D)
  7 orc warriors (D)
  An ogre (D)
  7 wolves (D)
  3 crocodiles (D)
  4 bullfrogs (D)
  4 orc priests (D)
  6 orc wizards (D)
  An iguana (D)
  An adder (D)
  6 orcs (D)
  A ball python (D)
  A giant cockroach (D)
  A jackal (D)
  A quokka (D)
  2 frilled lizards (D)
  2 goblins (D)
83 creatures vanquished.

Notes
Turn   | Place    | Note
-------+----------+-------------------------------------------
     0 | D        | wojtek the Minotaur Fighter began the quest for the Orb.
     0 | D        | Reached XP level 1. HP: 19/19 MP: 0/0
     7 | D        | Reached skill level 3 in Maces & Flails
    33 | D        | Reached skill level 4 in Maces & Flails
    33 | D        | Reached XP level 2. HP: 13/28 MP: 1/1
    62 | D        | Found a roughly hewn altar of Beogh.
    62 | D        | Found a snail-covered altar of Cheibriados.
    62 | D        | Found a shadowy altar of Dithmenos.
    62 | D        | Found a white marble altar of Elyvilon.
    62 | D        | Found a blossoming altar of Fedhas.
    62 | D        | Found an opulent altar of Gozag.
    63 | D        | Found a hazy altar of Hepliaklqana.
    64 | D        | Found a viscous altar of Jiyva.
    65 | D        | Found an ancient bone altar of Kikubaaqudgha.
    66 | D        | Found a corrupted altar of Lugonu.
    67 | D        | Found a burning altar of Makhleb.
    68 | D        | Found a sparkling altar of Nemelex Xobeh.
    69 | D        | Found an iron altar of Okawaru.
    70 | D        | Found a stormy altar of Qazlal.
    71 | D        | Found a sacrificial altar of Ru.
    72 | D        | Found a deep blue altar of Sif Muna.
    73 | D        | Found a bloodstained altar of Trog.
    74 | D        | Found a hide-covered altar of Uskayaw.
    75 | D        | Found a radiant altar of Vehumet.
    77 | D        | Found a shimmering altar of Xom.
    78 | D        | Found a basalt altar of Yredelemnul.
    79 | D        | Found a glowing silver altar of Zin.
    80 | D        | Found a glowing golden altar of the Shining One.
    81 | D        | Became a worshipper of Trog the Wrathful
   320 | D        | Noticed a crocodile
   320 | D        | Noticed a bullfrog
   320 | D        | Noticed a bullfrog
   320 | D        | Noticed a troll
   320 | D        | Noticed an ice beast
   324 | D        | Killed an ice beast
   324 | D        | Reached skill level 7 in Maces & Flails
   324 | D        | Reached XP level 3. HP: 37/37 MP: 2/2
   324 | D        | Reached XP level 4. HP: 44/44 MP: 3/3
   328 | D        | Killed a troll
   328 | D        | Reached skill level 10 in Maces & Flails
   328 | D        | Reached XP level 5. HP: 45/53 MP: 4/4
   328 | D        | Reached XP level 6. HP: 52/61 MP: 5/5
   330 | D        | Reached * piety under Trog
   333 | D        | Reached skill level 11 in Maces & Flails
   337 | D        | Reached ** piety under Trog
   337 | D        | Reached XP level 7. HP: 48/69 MP: 6/6
   396 | D        | Noticed a basilisk
   396 | D        | Noticed a cyclops
   396 | D        | Noticed a gargoyle
   396 | D        | Noticed an efreet
   400 | D        | Killed an efreet
   400 | D        | Reached skill level 12 in Maces & Flails
   404 | D        | Killed a gargoyle
   404 | D        | Reached skill level 10 in Fighting
   404 | D        | Reached skill level 13 in Maces & Flails
   404 | D        | Reached skill level 10 in Armour
   404 | D        | Reached skill level 10 in Shields
   404 | D        | Reached XP level 8. HP: 58/79 MP: 7/7
   406 | D        | Reached *** piety under Trog
   412 | D        | Killed a cyclops
   412 | D        | Reached skill level 14 in Maces & Flails
   715 | D        | Noticed a spiny frog
   719 | D        | Noticed an eight-headed hydra
   724 | D        | Reached **** piety under Trog
   726 | D        | Killed a spiny frog
   726 | D        | Reached skill level 15 in Maces & Flails
   726 | D        | Reached XP level 9. HP: 67/89 MP: 8/8
   734 | D        | Killed an eight-headed hydra
   734 | D        | Reached skill level 16 in Maces & Flails
   737 | D        | Reached ***** piety under Trog
   893 | D        | Noticed a black mamba
   893 | D        | Noticed an oklob plant
   893 | D        | Noticed a spiny frog
   902 | D        | Killed a spiny frog
   905 | D        | Noticed an elephant
   912 | D        | Killed an oklob plant
   912 | D        | Reached XP level 10. HP: 15/100 MP: 9/9
   916 | D        | Killed a black mamba
   916 | D        | Reached skill level 17 in Maces & Flails
   934 | D        | Received a gift from Trog
   943 | D        | Killed an elephant
  1200 | D        | Reached ****** piety under Trog
  1208 | D        | Reached skill level 18 in Maces & Flails
  1309 | D        | Noticed Urug
  1322 | D        | Killed Urug
  1635 | D        | Received a gift from Trog
  1654 | D        | Received a gift from Trog
  1741 | D        | Noticed an orc knight
  1742 | D        | Noticed an orc sorcerer
  1754 | D        | Killed an orc knight
  1754 | D        | Received a gift from Trog
  1761 | D        | Noticed an orange demon
  1765 | D        | Noticed an orc high priest
  1767 | D        | Killed an orc sorcerer
  1767 | D        | Reached skill level 19 in Maces & Flails
  1767 | D        | Reached XP level 11. HP: 47/111 MP: 4/10
  1770 | D        | Noticed an orc knight
  1773 | D        | HP: 5/111 [orc warrior/mace (18)]
  1783 | D        | Killed an orc high priest
  1850 | D        | Killed an orc knight
  2096 | D        | Found Zoprec's Distillery.
  2096 | D        | Noticed an ogre mage
  2096 | D        | Noticed a deep troll
  2099 | D        | Killed a deep troll
  2099 | D        | Reached skill level 15 in Fighting
  2099 | D        | Reached skill level 15 in Armour
  2102 | D        | Reached skill level 20 in Maces & Flails
  2104 | D        | Received a gift from Trog
  2106 | D        | Killed an ogre mage
  2107 | D        | Found Dawnukk's Antique Armour Shop.
  2112 | D        | Found Fifat's Magic Scroll Boutique.
  2115 | D        | Noticed a deep troll
  2116 | D        | Found Caunt's Food Shop.
  2117 | D        | Noticed an ogre mage
  2118 | D        | Noticed a deep troll
  2119 | D        | Noticed a deep troll
  2120 | D        | Noticed a deep troll
  2121 | D        | Killed a deep troll
  2124 | D        | Killed an ogre mage
  2124 | D        | Reached skill level 21 in Maces & Flails
  2127 | D        | Slain by a deep troll

Skill      XL: |  1  2  3  4  5  6  7  8  9 10 11 |
---------------+----------------------------------+-----
Maces & Flails | 4 7 10 11 13 15 16 19 21 | 21.0
Shields        | 4 6 8 9 10 11 13 14 | 14.1
Fighting       | 4 6 7 8 10 11 12 14 15 | 15.8
Armour         | 4 6 7 8 10 11 12 14 15 | 15.8

Action                   |  1- 3 |  4- 6 |  7- 9 | 10-12 || total
-------------------------+-------+-------+-------+-------++-------
Melee: Flail             |    22 |       |       |       ||    22
       Headbutt          |     3 |     3 |    15 |    27 ||    48
       Morningstar       |     4 |    13 |    57 |    28 ||   102
       Mace              |       |       |       |    61 ||    61
       Great mace        |       |       |       |    51 ||    51
Invok: Berserk           |       |       |     3 |     2 ||     5
Evoke: Wand              |       |       |     3 |     3 ||     6
  Use: Potion            |       |       |       |     2 ||     2
  Eat: Chunk             |       |       |     2 |     6 ||     8
Armor: Scale mail        |     6 |       |       |       ||     6
       Plate armour      |     3 |     6 |    20 |    43 ||    72
Dodge: Dodged            |     7 |     1 |    15 |    32 ||    55
Block: Shield            |     9 |     7 |    26 |    33 ||    75
